AoeStats
← lethe711

Arena

510431547Analyzed
4v4 RM · 17h ago on Oct 1, 2026· 41m 12s· 8 players
Game mode
Random Map
Map size
Large (8 player)
Population
200
Speed
Normal
Resources
Standard
Victory
Conquest
Starting age
Dark Age
Ending age
Imperial Age
RankedLock teamsTeams togetherTeam positionsShared explorationLock speedFull tech treeHidden civsTurbo modeCheats
Victory
Defeat
🇨🇳 Saxons · China
1201
+14
🇦🇺 Goths · Australia
1183
+14
🇨🇳 Spanish · China
1167
+15
🇹🇼 Turks · Taiwan
1154
+16
🇺🇸 Vietnamese · United States
1207
-18
🇺🇸 Shu · United States
1135
-14
🇧🇷 Huns · Brazil
1132
-14
🇲🇽 Slavs · Mexico
1114
-13
tate
10:52 Feudal Age
16:18 Castle Age
14:53 Double-Bit Axe
17:11 Wheelbarrow
20:44 Town Watch
30:37 Imperial Age
30:12 Hand Cart
30:36 Bloodlines
31:04 Scale Barding Armor
31:09 Forging
31:53 Conscription
31:59 Cavalier
37:20 Chain Barding Armor
37:35 Iron Casting
40:31 Gold Mining
lethe711
10:40 Feudal Age
14:48 Castle Age
12:53 Double-Bit Axe
13:02 Horse Collar
16:18 Bow Saw
17:52 Heavy Plow
24:15 Wheelbarrow
24:17 Gold Mining
26:11 Hand Cart
25:49 Stone Mining
26:53 Loom
29:53 Imperial Age
28:39 Stone Shaft Mining
28:28 Scale Mail Armor
28:39 Forging
29:29 Squires
28:49 Pikeman
29:45 Chain Mail Armor
30:39 Anarchy
30:10 Elite Huskarl
31:40 Iron Casting
30:49 Capped Ram
31:51 Perfusion
32:26 Conscription
33:53 Blast Furnace
33:26 Halberdier
38:50 Fletching
39:01 Padded Archer Armor
3A
11:50 Feudal Age
14:03 Loom
16:31 Castle Age
14:36 Double-Bit Axe
15:12 Horse Collar
16:35 Wheelbarrow
16:21 Gold Mining
26:27 Loom
27:48 Loom
30:38 Imperial Age
28:58 Hand Cart
30:38 Bow Saw
31:50 Ballistics
32:53 Scale Barding Armor
32:59 Forging
32:46 Cavalier
33:37 Bloodlines
36:31 Chain Barding Armor
37:04 Heavy Camel Rider
38:58 Gold Shaft Mining
39:54 Plate Barding Armor
39:55 Iron Casting
39:35 Husbandry
MyGO.Soyo
12:09 Feudal Age
14:30 Wheelbarrow
16:31 Castle Age
14:55 Double-Bit Axe
14:55 Horse Collar
16:18 Gold Mining
16:20 Stone Mining
16:34 Scale Mail Armor
18:15 Bow Saw
18:19 Heavy Plow
19:18 Loom
30:54 Hand Cart
34:48 Imperial Age
32:07 Gambesons
32:13 Arson
32:42 Squires
32:29 Pikeman
33:28 Chain Mail Armor
33:38 Forging
33:17 Man-at-Arms
34:41 Gold Shaft Mining
35:03 Capped Ram
36:20 Conscription
35:21 Shield Wall
35:23 Elite Hearth Troop
36:04 Elite Varangian Guard
36:05 Halberdier
36:05 Long Swordsman
37:39 Iron Casting
37:49 Plate Mail Armor
39:08 Siege Ram
41:52 Chemistry
41:12 Ballistics
Level 2 Slime
11:11 Feudal Age
13:02 Double-Bit Axe
15:22 Castle Age
13:19 Horse Collar
14:55 Forging
21:51 Loom
22:59 Bow Saw
23:46 Heavy Plow
25:23 Wheelbarrow
24:34 Town Watch
27:24 Hand Cart
31:23 Imperial Age
28:24 Elite Skirmisher
29:17 Thumb Ring
29:18 Fletching
29:28 Padded Archer Armor
30:08 Bodkin Arrow
30:42 Crossbowman
31:53 Leather Archer Armor
32:07 Bolt Magazine
33:11 Two-Man Saw
32:05 Gold Mining
32:05 Stone Mining
33:29 Guilds
33:29 Arbalester
35:29 Bracer
36:00 Ring Archer Armor
36:12 Forging
[BK] Ayala_27
11:46 Feudal Age
13:22 Loom
13:25 Double-Bit Axe
13:25 Horse Collar
16:12 Castle Age
15:41 Gold Mining
17:16 Wheelbarrow
17:44 Bow Saw
19:37 Town Watch
21:02 Sanctity
22:38 Fortified Wall
25:17 Redemption
25:32 Hand Cart
27:34 Fletching
34:21 Gold Shaft Mining
33:37 Stone Mining
38:04 Imperial Age
35:27 Pikeman
38:26 Squires
39:08 Heavy Plow
38:42 Man-at-Arms
39:25 Scale Mail Armor
39:36 Forging
39:36 Halberdier
39:39 Long Swordsman
41:01 Siege Engineers
41:13 Chain Mail Armor
40:20 Two-Handed Swordsman
41:27 Druzhina
41:47 Conscription
JMB
4:46 Loom
10:20 Feudal Age
15:17 Castle Age
13:32 Double-Bit Axe
14:02 Loom
15:11 Horse Collar
16:32 Bow Saw
19:07 Wheelbarrow
21:41 Heavy Plow
22:59 Hand Cart
24:05 Gold Mining
26:58 Town Watch
27:29 Scale Mail Armor
27:35 Scale Barding Armor
29:02 Forging
31:36 Imperial Age
29:26 Marauders
30:34 Iron Casting
31:10 Chain Barding Armor
32:32 Gold Shaft Mining
32:05 Elite Tarkan
33:27 Plate Barding Armor
35:45 Blast Furnace
37:09 Elite Skirmisher
38:29 Atheism
38:30 Conscription
40:01 Imperial Skirmisher
40:12 Pikeman
40:53 Squires
kyadwadk
11:03 Feudal Age
15:04 Castle Age
12:57 Horse Collar
13:06 Double-Bit Axe
17:00 Bow Saw
17:48 Fletching
18:51 Bodkin Arrow
29:54 Imperial Age
28:08 Padded Archer Armor
28:23 Gold Mining
29:14 Ballistics
30:07 Loom
30:50 Bracer
35:14 Leather Archer Armor
36:44 Chemistry
36:14 Paper Money
37:58 Two-Man Saw
Connection lost

Rejoining the realm…

Still unreachable

The connection could not be restored.

Session expired

The server has moved on; the page needs a fresh start.